 Dungeon Crawl Stone Soup version 0.26.1-11-gd32895ea62 (webtiles) character file.

Game seed: 16610899361248021793

109 promet the Sneak (level 4, 0/30 HPs)
             Began as an Octopode Brigand on May 26, 2021.
             Succumbed to a goblin's poison
             ... on level 2 of the Dungeon.
             The game lasted 00:09:58 (2098 turns).

promet the Sneak (Octopode Brigand)                 Turns: 2098, Time: 00:09:59

Health: 0/30       AC:  1    Str: 10    XL:     4   Next: 89%
Magic:  4/4        EV: 13    Int: 13    God:
Gold:   44         SH:  5    Dex: 14    Spells: 3/3 levels left

rFire    . . .     SeeInvis .   a - +3 dagger
rCold    . . .     Faith    .   (no shield)
rNeg     . . .     Spirit   .   (helmet restricted)
rPois    .         Reflect  +   c - amulet of reflection
rElec    .         Harm     .   (no ring)
rCorr    .         Rampage  .   (no ring)
Will     .....                  (no ring)
Stlth    +++++.....             (no ring)
HPRegen  0.10/turn              (no ring)
MPRegen  0.09/turn              (no ring)
                                (no ring)
                                (no ring)

@: lethally poisoned (0 -> -4)
A: almost no armour, stealthy swim, amphibious, 8 rings, constrict 8, camouflage
1, gelatinous body 1
a: no special abilities


You were on level 2 of the Dungeon.
You visited 1 branch of the dungeon, and saw 2 of its levels.

You collected 44 gold pieces.

Inventory:

Hand Weapons
 a - a +3 dagger (weapon)
Missiles
 b - 8 poisoned darts
 d - 39 stones
 g - 3 atropa-tipped darts
 h - 2 curare-tipped darts (quivered)
Jewellery
 c - an amulet of reflection (around mantle)
Potions
 i - a potion of brilliance


   Skills:
 + Level 2.5 Fighting
 + Level 2.2 Short Blades
 + Level 2.2 Throwing
 + Level 1.2 Dodging
 * Level 7.6 Stealth


You had 3 spell levels left.
You didn't know any spells.
Your spell library was empty.

Dungeon Overview and Level Annotations

Branches:
Dungeon (2/15)

Altars:
Sif Muna

Annotations:
D:2 Robin


Innate Abilities, Weirdness & Mutations

You cannot wear most types of armour.
You are very stealthy in the water. (Stealth+)
You are amphibious.
You can wear up to eight rings at the same time.
You can use your tentacles to constrict eight enemies at once.
Your skin changes colour to match your surroundings (Stealth+).
Your rubbery body absorbs attacks. (AC +1, EV +1)


Message History

You feel sick.
* * * LOW HITPOINT WARNING * * *
You feel sick.
* * * LOW HITPOINT WARNING * * *
You feel sick.
* * * LOW HITPOINT WARNING * * *
You feel sick.
* * * LOW HITPOINT WARNING * * *
You feel sick.
* * * LOW HITPOINT WARNING * * *
You feel sick.
* * * LOW HITPOINT WARNING * * *
You feel sick.
* * * LOW HITPOINT WARNING * * *
You feel sick.
* * * LOW HITPOINT WARNING * * *
You feel sick.
* * * LOW HITPOINT WARNING * * *
You feel sick.
You die...

#.# #.##.# #.#
#.##.# ##.#####.#..#
#........#.##
#.).######.# #.#.#
#.# #.#.# #.# #.#.#
#.# #.#@#
#.######### #.#.#
#.......... #.#.#
########### #.#.# #
#.#.# # #.#.# #
#.#.# # #.#.# ##
#.#.###############.


There were no monsters in sight!

Vanquished Creatures
  Terence (D:2)
  2 adders (D:2)
  2 worms (D:2)
  2 dart slugs
  A leopard gecko (D:2)
  6 bats
  A giant cockroach (D:1)
  17 goblins
  7 hobgoblins
  A ball python (D:2)
  3 frilled lizards
  4 kobolds
  5 rats
52 creatures vanquished.

Notes
Turn   | Place    | Note
-------+----------+-------------------------------------------
     0 | D:1      | promet the Octopode Brigand began the quest for the Orb.
     0 | D:1      | Reached XP level 1. HP: 14/14 MP: 1/1
   560 | D:1      | Reached XP level 2. HP: 19/19 MP: 2/2
   571 | D:1      | Reached skill level 6 in Stealth
  1130 | D:1      | Reached XP level 3. HP: 18/24 MP: 3/3
  1448 | D:2      | Noticed Terence
  1454 | D:2      | Killed Terence
  1455 | D:2      | Reached skill level 7 in Stealth
  1456 | D:2      | Reached XP level 4. HP: 24/29 MP: 4/4
  1580 | D:2      | Noticed Robin
  1951 | D:2      | Found a shimmering blue altar of Sif Muna.
  2096 | D:2      | HP: 1/30 [poisoned by a goblin]
  2098 | D:2      | Succumbed to a goblin's poison

Illustrated notes

Levels and vault maps discovered:
D:1:      minmay_arrival_plants_in_alcoves, layout_basic
D:2:      layout_loops_ring, nicolae_dithmenos_through_a_glass_darkly,
          lemuel_blue_sif_altar, uniq_terence, uniq_robin

Skill      XL: |  1  2  3 |
---------------+----------+-----
Stealth        | 6 7 |  7.6
Fighting       | |  2.5
Short Blades   | |  2.2
Throwing       | |  2.2
Dodging        | |  1.2

Action                   |  1- 3 |  4- 6 || total
-------------------------+-------+-------++-------
Melee: Dagger            |    56 |    42 ||    98
       Constrict         |    17 |     9 ||    26
       Tentacles         |     7 |     4 ||    11
Throw: Dart              |     2 |       ||     2
  Use: Scroll            |     2 |     3 ||     5
       Potion            |       |     3 ||     3
 Stab: Sleeping          |     3 |     9 ||    12
Armor: Skin              |     5 |     2 ||     7
Dodge: Dodged            |    38 |    16 ||    54
Block: Other             |       |     3 ||     3
